cohdb
Replays
Latest Replays
All Replays
Popular Replays
Top Player Replays
Match Explorer
How It Works
Community
CoH3 Stats
Reddit
Sign in to upload your games and track your stats! →
Sign in with Steam
Match 42801894
Unlisted
Match 42801894
Overview
Messages
Build Orders
End
Construct Barracks
Selects Heavy Weapons
Scout Squad
Riflemen Squad
Riflemen Squad
Grenade Package
Construct Weapon Support Center
Mechanized Support Center
M1919 Machine Gun Team
M3 Armored Personnel Carrier
Selects M2HB .50cal Heavy Machine Gun
Selects Assault Carriers
M3 Assault Carrier
Construct Tank Depot
Bazooka Squad
Designate Forward Repair Station
M18 Hellcat Tank Destroyer
M3 Assault Carrier
AI Takeover
Lord Grim
DeadPhoenix
Tigerblut[GER]
NigelThornberry
dalailammer
<Scippio>
WildNoUT
Jinx
0
0
Comments
sign in to comment!
No comments posted yet!